[Event "Team 45 45 League T25"]
[Site "Internet Chess Club"]
[Date "2004.12.12"]
[Round "1"]
[White "Neo-Myshkin"]
[Black "NFK"]
[Result "1-0"]
[WhiteElo "1859"]
[BlackElo "1711"]
[TimeControl "2700+45"]

1. e4 d6 2. Nc3 Nf6 3. f4 g6 4. Nf3 Bg7 5. Bc4 c6 6. Bb3 b5 7. d3 O-O 8. O-O a5
9. a3 Na6 10. Qe1 Bb7 11. f5 b4 12. Na4 c5 13. Qh4 bxa3 14. fxg6 hxg6 15. Ng5
{Black resigns} 1-0

[Event "Team 45 45 League T25"]
[Site "Internet Chess Club"]
[Date "2004.12.12"]
[Round "1"]
[White "Arshanay"]
[Black "fileman"]
[Result "1-0"]
[WhiteElo "2258"]
[BlackElo "1935"]
[TimeControl "2700+45"]

1. c4 Nc6 2. d4 e5 3. d5 Nce7 4. e4 Ng6 5. Be3 Bb4+ 6. Nd2 Nf6 7. f3 Qe7 8. Rc1
c6 9. Ne2 O-O 10. Nc3 a5 11. g3 c5 12. Bg2 d6 13. O-O h6 14. Ndb1 Bd7 15. Na4
Bxa4 16. Qxa4 b5 17. cxb5 c4 18. a3 Bc5 19. Bxc5 dxc5 20. Nd2 Nd7 21. Nxc4 f5
22. exf5 Rxf5 23. Bh3 Rf6 24. d6 Qd8 25. Bxd7 Qxd7 26. Nb6 Qh3 27. Nxa8 Rxd6 28.
Rcd1 Rd4 29. Rxd4 cxd4 30. b6 h5 31. b7 h4 32. b8=Q+ Kh7 33. Qc2 hxg3 34. Qxe5
{Black resigns} 1-0

[Event "Team 45 45 League T25"]
[Site "Internet Chess Club"]
[Date "2004.12.13"]
[Round "1"]
[White "Ser-Enigma"]
[Black "elnik"]
[Result "1-0"]
[WhiteElo "2053"]
[BlackElo "1917"]
[TimeControl "2700+45"]

1. e4 c5 2. Nc3 Nc6 3. f4 g6 4. Nf3 Bg7 5. Bb5 d6 6. d4 cxd4 7. Nxd4 Bd7 8. Nxc6
Bxc6 9. Bd3 Nf6 10. Be3 Qd7 11. h3 O-O 12. O-O b6 13. Qe2 Qb7 14. Ba6 Qc7 15.
Bd2 Bb7 16. Bxb7 Qxb7 17. Rae1 Rac8 18. Qd3 Rfd8 19. Nd1 Qc6 20. c3 Qc4 21. Qxc4
Rxc4 22. Nf2 Nh5 23. Kh2 Nf6 24. g4 Nd7 25. Nd3 e6 26. Re2 Nc5 27. Nxc5 Rxc5 28.
Be3 Rc4 29. Bf2 d5 30. Rd1 d4 31. cxd4 Rdc8 32. Kg3 Bf8 33. d5 exd5 34. Rxd5 Bc5
35. Bxc5 R4xc5 36. Rxc5 Rxc5 37. Rd2 Kf8 38. e5 Ke7 39. h4 Rc4 40. h5 gxh5 41.
gxh5 Rc1 42. Rg2 Rh1 43. Kg4 f6 44. Re2 fxe5 45. Rxe5+ Kf6 46. a4 Ra1 47. b3 Rb1
48. Rb5 Rg1+ 49. Kf3 Rb1 50. Ke4 Rh1 51. b4 Ra1 52. a5 bxa5 53. bxa5 Ra4+ 54.
Kd5 Rxf4 55. Kc6 Re4 56. Kb7 Re7+ 57. Ka8 Rd7 58. a6 h6 59. Rb7 Rd5 60. Kxa7
Rxh5 61. Rb6+ Kf7 62. Kb7 Kg7 63. a7 {Black resigns} 1-0

[Event "Team 45 45 League T25"]
[Site "Internet Chess Club"]
[Date "2004.12.12"]
[Round "1"]
[White "AlexC"]
[Black "Plattner"]
[Result "1-0"]
[WhiteElo "1926"]
[BlackElo "1807"]
[TimeControl "2700+45"]

1. c4 f5 2. g3 Nf6 3. Bg2 g6 4. Nc3 Bg7 5. d3 c6 6. Nf3 O-O 7. O-O d6 8. Re1 e5
9. e4 a5 10. Be3 Ng4 11. Bg5 Qb6 12. Qd2 Qc7 13. h3 Nf6 14. exf5 gxf5 15. Bh6 f4
16. Bxg7 Qxg7 17. g4 Nxg4 18. hxg4 Bxg4 19. Kf1 Na6 20. Ne4 d5 21. cxd5 cxd5 22.
Neg5 Rae8 23. Qxa5 Nc7 24. Rac1 Re7 25. Rxe5 Rxe5 26. Rxc7 Re7 27. Rxe7 Qxe7 28.
Qxd5+ Kh8 29. Ne5 Rd8 30. Ngf7+ Kg7 31. Qxd8 {Black forfeits on time} 1-0

[Event "Team 45 45 League T25"]
[Site "Internet Chess Club"]
[Date "2004.12.19"]
[Round "1"]
[White "Justchess"]
[Black "azbycx"]
[Result "0-1"]
[WhiteElo "1691"]
[BlackElo "1884"]
[TimeControl "2700+45"]

1. c4 Nf6 2. Nc3 e5 3. Nf3 Nc6 4. g3 g6 5. Bg2 Bg7 6. O-O O-O 7. Rb1 Qe7 8. d3
d6 9. Bg5 Be6 10. Nd5 Qd8 11. b4 h6 12. Nxf6+ Bxf6 13. Bxh6 Re8 14. Be3 Kg7 15.
Qd2 Rh8 16. Bg5 Rh5 17. Bxf6+ Qxf6 18. h4 Rah8 19. Ng5 Bd7 20. f4 Nd8 21. fxe5
Qxe5 22. Ne4 f5 23. Ng5 Qxg3 24. Qb2+ Qe5 25. d4 Qe3+ 26. Rf2 Rxh4 27. Nf3 R4h5
28. d5+ Kf7 29. c5 g5 30. Qd4 Qxd4 31. Nxd4 Kg6 32. c6 Bc8 33. b5 b6 34. Rb3 a5
35. bxa6 Bxa6 36. Nxf5 Re8 37. e4 Bc8 38. Ng3 Rh4 39. Rbf3 Bg4 40. Rf6+ Kg7 41.
a4 Re7 42. Rf8 Nf7 43. Rc8 Bxc8 {White resigns} 0-1

[Event "Team 45 45 League T25"]
[Site "Internet Chess Club"]
[Date "2004.12.12"]
[Round "1"]
[White "Thersites"]
[Black "tourettes"]
[Result "0-1"]
[WhiteElo "1627"]
[BlackElo "1746"]
[TimeControl "2700+45"]

1. e4 c5 2. Nf3 d6 3. d4 cxd4 4. Nxd4 Nf6 5. Nc3 a6 6. Bg5 e6 7. Be2 Be7 8. O-O
O-O 9. Qd2 b5 10. a3 Bb7 11. f3 Qc7 12. Kh1 Nbd7 13. Rad1 Ne5 14. f4 Nc6 15. Bf3
Rfd8 16. Qf2 Na5 17. Qg3 Nc4 18. f5 e5 19. Bh6 Bf8 20. Nde2 Nxb2 21. Rb1 Nc4 22.
Nd5 Nxd5 23. exd5 Kh8 24. Bc1 Qc5 25. Rd1 Nxa3 26. Bxa3 Qxa3 27. Be4 Qxg3 28.
Nxg3 Be7 29. c4 Rac8 30. cxb5 axb5 31. Rxb5 Ba6 32. Rb6 Bc4 33. Rb7 Re8 34. h3
Kg8 35. Ra1 Bg5 36. Raa7 Rf8 37. Rd7 Rcd8 38. Rdc7 Be3 39. Ra3 Bc5 40. Rc3 Ba6
41. f6 g6 42. Nh5 Rc8 43. Re7 Rfe8 44. Rc2 gxh5 45. Rc3 Rxe7 46. fxe7 Re8 47.
Rg3+ Kh8 48. Rg7 Kxg7 {White resigns} 0-1

[Event "Team 45 45 League T25"]
[Site "Internet Chess Club"]
[Date "2004.12.12"]
[Round "1"]
[White "Bthoven"]
[Black "MrAnderssen"]
[Result "0-1"]
[WhiteElo "1596"]
[BlackElo "1619"]
[TimeControl "2700+45"]

1. d4 d5 2. Nf3 Nf6 3. e3 e6 4. Bd3 c5 5. b3 Nc6 6. a3 Be7 7. O-O cxd4 8. exd4
O-O 9. c4 Re8 10. Re1 Bd6 11. Bb2 Bd7 12. Qc2 Rc8 13. Ng5 Bxh2+ 14. Kh1 g6 15.
Nxf7 Kxf7 16. Kxh2 Ng4+ 17. Kg1 Qh4 18. g3 Qh3 19. Qd2 Kg7 20. Qe2 Qh2+ 21. Kf1
Qh1# {White checkmated} 0-1

[Event "Team 45 45 League T25"]
[Site "Internet Chess Club"]
[Date "2004.12.14"]
[Round "1"]
[White "dougmo"]
[Black "e4ia"]
[Result "0-1"]
[WhiteElo "1629"]
[BlackElo "1550"]
[TimeControl "2700+45"]

1. d4 d5 2. Nf3 Nf6 3. e3 Bf5 4. c4 c6 5. Nc3 e6 6. Qb3 Qc7 7. cxd5 exd5 8. Bd2
Bd6 9. Rc1 Qe7 10. Be2 O-O 11. O-O Re8 12. Nh4 Bc8 13. Nf3 Nbd7 14. Bd3 Ne4 15.
Qc2 Ndf6 16. Rfe1 h6 17. Rcd1 Bg4 18. Be2 Qc7 19. g3 Re6 20. Nh4 Rae8 21. Bxg4
Nxg4 22. Re2 Nxh2 23. Nxe4 dxe4 24. Nf5 Nf3+ 25. Kg2 Rg6 26. Rh1 Ree6 27. Nxd6
Qxd6 28. a3 Rg4 29. Bb4 Qd5 30. Qc5 Qxc5 31. Bxc5 b6 32. Bb4 Rg5 33. Rc2 a5 34.
Bc3 h5 35. Kf1 g6 36. Ke2 Kf8 37. b4 a4 38. Bb2 Ke7 39. Rhc1 Kd7 40. Rc4 Rd5 41.
R4c2 Red6 42. Rc4 g5 43. Rh1 h4 44. gxh4 gxh4 45. Rcc1 c5 46. bxc5 bxc5 47. Rc4
cxd4 48. exd4 Rb6 49. Rb4 Rxb4 50. axb4 Ke6 51. Ke3 Kf5 52. Ke2 h3 53. Ke3 Ng5
54. Rh2 Rb5 55. Ba3 Kg4 56. Ke2 f5 57. Ke3 f4+ 58. Ke2 Nf3 59. Rh1 h2 60. Kf1
Kh3 {White resigns} 0-1

[Event "Team 45 45 League T25"]
[Site "Internet Chess Club"]
[Date "2004.12.09"]
[Round "1"]
[White "FattSludge"]
[Black "sdcohle"]
[Result "0-1"]
[WhiteElo "1446"]
[BlackElo "1370"]
[TimeControl "2700+45"]

1. Nf3 Nf6 2. g3 g6 3. Bg2 Bg7 4. O-O Nc6 5. d3 O-O 6. e4 d6 7. Nbd2 b6 8. c3
Bb7 9. Re1 e5 10. Qc2 Re8 11. d4 exd4 12. cxd4 Nb4 13. Qb1 Ba6 14. Bf1 Bxf1 15.
Kxf1 Ng4 16. a3 Nc6 17. h3 Nh6 18. Nb3 Qd7 19. Kg2 Ne7 20. Qd3 f5 21. e5 dxe5
22. Nxe5 Qd5+ 23. Qf3 Nf7 24. Qxd5 Nxd5 25. f4 a5 26. Bd2 a4 27. Nc1 Rad8 28.
Ncd3 Ne7 29. Nxf7 Kxf7 30. Ne5+ Kg8 31. Bc3 Nd5 32. Bd2 Rc8 33. Re2 c5 34. dxc5
Rxc5 35. Rc1 Rb5 36. Be1 Re7 37. Rc8+ Bf8 38. Kf2 Nf6 39. Bb4 Re8 40. Rxe8 Nxe8
41. Bxf8 Kxf8 42. Nd7+ Kf7 43. Ne5+ Kg7 44. Nd7 Nd6 45. Kg2 Ne4 46. Ne5 Rb3 47.
g4 Nc5 48. gxf5 gxf5 49. h4 Ne6 50. Rf2 Re3 51. Nc4 Re4 52. Nxb6 Nxf4+ 53. Kf3
Kg6 54. Nd7 Rd4 55. Ne5+ Kf6 56. Nc6 Rc4 57. Nb4 h5 58. Kg3 Ng6 59. Nd5+ Ke5 60.
Ne3 f4+ 61. Kf3 Nxh4+ 62. Ke2 fxe3 63. Kxe3 Re4+ 64. Kd3 Nf5 65. Kc3 h4 66. b4
Re3+ 67. Kb2 h3 68. Rh2 Kf4 69. b5 Rb3+ {White resigns} 0-1

[Event "Team 45 45 League T25"]
[Site "Internet Chess Club"]
[Date "2004.12.10"]
[Round "1"]
[White "John"]
[Black "rickylr"]
[Result "0-1"]
[WhiteElo "1690"]
[BlackElo "1678"]
[TimeControl "2700+45"]

1. e4 e6 2. Nc3 d5 3. Nf3 d4 4. Ne2 Nc6 5. c3 e5 6. cxd4 exd4 7. Qa4 Bc5 8. Ne5
Bd7 9. Nxf7 Ne5 10. Nxd8 Nd3+ 11. Kd1 Bxa4+ 12. b3 Nxf2+ 13. Ke1 Nd3+ 14. Kd1
Rxd8 15. bxa4 Nf2+ 16. Ke1 Nxh1 17. Nf4 Nf6 18. Ne6 Nxe4 19. d3 Bb4+ {White
resigns} 0-1

[Event "Team 45 45 League T25"]
[Site "Internet Chess Club"]
[Date "2004.12.13"]
[Round "1"]
[White "claymil"]
[Black "gamlinginn"]
[Result "1-0"]
[WhiteElo "1671"]
[BlackElo "1591"]
[TimeControl "2700+45"]

1. c4 c5 2. Nc3 Nc6 3. g3 e6 4. Bg2 Nge7 5. e3 g6 6. Nge2 Bg7 7. a3 a6 8. O-O
O-O 9. b3 b6 10. Bb2 Bb7 11. d4 Rb8 12. d5 exd5 13. cxd5 Na7 14. e4 d6 15. Rb1
b5 16. Nf4 a5 17. Qe2 Ba6 18. Qc2 b4 19. Nce2 Bxb2 20. Qxb2 bxa3 21. Qxa3 Nb5
22. Qb2 Nd4 23. Nxd4 Bxf1 24. Nde6 {Black resigns} 1-0

[Event "Team 45 45 League T25"]
[Site "Internet Chess Club"]
[Date "2004.12.14"]
[Round "1"]
[White "KirkB"]
[Black "Lothar"]
[Result "1/2-1/2"]
[WhiteElo "1525"]
[BlackElo "1547"]
[TimeControl "2700+45"]

1. e4 e6 2. d3 d5 3. Qe2 c6 4. Nf3 Be7 5. g3 Nd7 6. Bg2 e5 7. exd5 Qa5+ 8. Bd2
Qxd5 9. O-O f6 10. Nc3 Qf7 11. Rad1 Bb4 12. a3 Ba5 13. d4 Bc7 14. Rfe1 Ne7 15.
dxe5 Nxe5 16. Bf4 N7g6 17. Nxe5 Nxe5 18. Bxe5 fxe5 19. f4 O-O 20. fxe5 Be6 21.
Na4 Rae8 22. Kh1 Bc4 23. Qe3 Rxe5 24. Qxa7 Rxe1+ 25. Rxe1 Bd5 26. Bxd5 Qxd5+ 27.
Kg1 Qb5 28. Qd4 Qf5 29. Qc4+ Qf7 30. Qxf7+ Rxf7 31. Re8+ Rf8 32. Re7 Rf7 33.
Re8+ Rf8 34. Rxf8+ Kxf8 {Game drawn by mutual agreement} 1/2-1/2

[Event "Team 45 45 League T25"]
[Site "Internet Chess Club"]
[Date "2004.12.12"]
[Round "1"]
[White "alaskauk"]
[Black "Mississippian"]
[Result "1/2-1/2"]
[WhiteElo "1503"]
[BlackElo "1460"]
[TimeControl "2700+45"]

1. e4 d6 2. d4 Nf6 3. Nc3 g6 4. Be2 Bg7 5. Nf3 O-O 6. O-O Nbd7 7. Re1 Re8 8. h3
c6 9. Bc4 b5 10. Bd3 a5 11. a3 Bb7 12. Bg5 h6 13. Bxf6 Bxf6 14. Nh2 Bxd4 15. Qd2
Kg7 16. Ng4 Rh8 17. Nd1 Ne5 18. Nxe5 Bxe5 19. c3 Qb6 20. Kh1 c5 21. f4 Bf6 22.
Qf2 e6 23. Rf1 Qd8 24. Rc1 Bh4 25. g3 Bf6 26. Kh2 c4 27. Bb1 Qe7 28. Ne3 h5 29.
h4 Rac8 30. Rce1 Rc5 31. Nd1 Qf8 32. e5 Be7 33. exd6 Bxd6 34. Qd4+ Kg8 35. Be4
Bxe4 36. Qxe4 Rd5 37. Re2 Kg7 38. Nf2 Qd8 39. Nh3 Be7 40. Ng5 Bxg5 41. fxg5 Rf8
42. Qf3 Rf5 43. Qg2 Rxf1 44. Qxf1 Qd3 45. Qf2 Rd8 46. Qg2 a4 47. Rf2 Qd6 48. Qf3
Rd7 49. Qf6+ Kg8 50. Qf3 Qd3 51. Qa8+ Kg7 52. Qg2 Rd5 53. Rf3 Qd2 54. Rf2 Qd1
55. Rf1 Qd2 56. Rf2 Qd3 57. Rf3 Qb1 58. Qf2 Rf5 59. Rxf5 Qxf5 60. Qd4+ e5 61.
Qd2 f6 62. gxf6+ Kxf6 63. Qd8+ Kf7 64. Qd5+ Kf6 65. Qc6+ Qe6 66. Qxb5 e4 67.
Qg5+ Kg7 68. Qe3 Kf6 69. Qf4+ Qf5 70. Qd6+ Qe6 71. Qf4+ Qf5 72. Qd6+ Qe6 73.
Qf4+ Kg7 74. Qc7+ Kh6 75. Qf4+ Kg7 {Game drawn by mutual agreement} 1/2-1/2

[Event "Team 45 45 League T25"]
[Site "Internet Chess Club"]
[Date "2004.12.11"]
[Round "1"]
[White "Rainbird"]
[Black "swingdoc"]
[Result "0-1"]
[WhiteElo "1626"]
[BlackElo "1651"]
[TimeControl "2700+45"]

1. Nf3 d5 2. c4 d4 3. g3 Nc6 4. Bg2 e5 5. d3 Be6 6. O-O Qd7 7. e3 Bh3 8. exd4
Bxg2 9. Kxg2 exd4 10. Re1+ Be7 11. Na3 O-O-O 12. Qa4 Kb8 13. Nc2 h5 14. b4 h4
15. b5 hxg3 16. fxg3 Qh3+ 17. Kg1 Bd6 18. bxc6 Bxg3 19. Qb5 Bxh2+ 20. Kf2 Qg3+
21. Ke2 Qg2+ 22. Kd1 Qxf3+ 23. Kd2 Bf4+ 24. Ne3 Bxe3+ 25. Kc2 Qxc6 {White
resigns} 0-1

[Event "Team 45 45 League T25"]
[Site "Internet Chess Club"]
[Date "2004.12.10"]
[Round "1"]
[White "allanchs"]
[Black "jmc860"]
[Result "1-0"]
[WhiteElo "1620"]
[BlackElo "1538"]
[TimeControl "2700+45"]

1. e4 e6 2. Nf3 d5 3. d3 dxe4 4. dxe4 Qxd1+ 5. Kxd1 Nc6 6. Nc3 Nf6 7. Be3 Ng4 8.
Ke2 Nxe3 9. Kxe3 Bc5+ 10. Ke2 b6 11. Rd1 Ba6+ 12. Ke1 Bxf1 13. Kxf1 a6 14. g3 f6
15. a3 Rd8 16. Kg2 Kf7 17. Rhe1 Rxd1 18. Rxd1 Rd8 19. Kf1 Rxd1+ 20. Nxd1 Nd4 21.
Nxd4 Bxd4 22. Ke2 b5 23. Kd3 Bb6 24. c4 c6 25. cxb5 axb5 26. f3 f5 27. exf5 exf5
28. Ne3 Ke6 29. g4 g6 30. h3 f4 31. Nc2 Ke5 32. b3 Bc5 33. a4 Kd5 34. a5 Ba7 35.
Nb4+ Kd6 36. Ke4 c5 37. Nd3 c4 38. bxc4 bxc4 39. Nxf4 Kc5 40. Ne2 Kb4 41. a6 c3
42. Kd3 c2 43. Kxc2 Kb5 44. Kd3 Kxa6 45. Ke4 h6 46. f4 Bc5 47. f5 gxf5+ 48. gxf5
Kb7 49. Ke5 Kc7 50. Ke6 Kd8 51. Kf7 h5 52. Nf4 Bb4 53. Nxh5 Kd7 54. Nf4 Bd6 55.
Ne6 Bg3 56. Nf8+ Kd6 57. Kg7 Ke5 58. f6 Kd6 59. f7 Be5+ 60. Kg8 Bf6 61. Nh7 Be7
62. f8=Q Bxf8 63. Nxf8 Ke7 64. Kg7 {Black resigns} 1-0

[Event "Team 45 45 League T25"]
[Site "Internet Chess Club"]
[Date "2004.12.11"]
[Round "1"]
[White "jantonio"]
[Black "PauloBarbosa"]
[Result "1-0"]
[WhiteElo "1584"]
[BlackElo "1571"]
[TimeControl "2700+45"]

1. Nf3 d5 2. g3 Nf6 3. Bg2 Nc6 4. O-O e5 5. d3 Be7 6. Nbd2 O-O 7. e4 dxe4 8.
Nxe4 Bg4 9. Nxf6+ Bxf6 10. Qe1 Qd6 11. Qe4 Bd7 12. Ng5 g6 13. Qh4 Bxg5 14. Bxg5
f6 15. Be3 a5 16. Qc4+ Be6 17. Qb5 Nd4 18. Bxd4 Qxd4 19. Qxb7 Rab8 20. Qa6 Bd5
21. Qxa5 Bxg2 22. Kxg2 Rxb2 23. Qxc7 Qd5+ 24. Kg1 Ra8 25. a4 Ra2 26. c4 {Black
resigns} 1-0

[Event "Team 45 45 League T25"]
[Site "Internet Chess Club"]
[Date "2004.12.13"]
[Round "1"]
[White "RingLord"]
[Black "clarinetref"]
[Result "1-0"]
[WhiteElo "1534"]
[BlackElo "1419"]
[TimeControl "2700+45"]

1. e4 c5 2. Nc3 Nc6 3. Bb5 g6 4. f4 Nd4 5. Nf3 Nxb5 6. Nxb5 a6 7. Nc3 Bg7 8. O-O
d6 9. d3 e6 10. e5 Ne7 11. Ne4 dxe5 12. fxe5 Nf5 13. Bg5 Qb6 14. g4 c4+ 15. d4
h6 16. Nf6+ Kf8 17. gxf5 hxg5 18. fxg6 Bxf6 19. exf6 fxg6 20. Ne5 Qd6 21. Nxg6+
Kf7 22. Nxh8+ Kg8 23. f7+ {Black resigns} 1-0

[Event "Team 45 45 League T25"]
[Site "Internet Chess Club"]
[Date "2004.12.09"]
[Round "1"]
[White "tgralex"]
[Black "mickeys"]
[Result "1-0"]
[WhiteElo "1721"]
[BlackElo "1711"]
[TimeControl "2700+45"]

1. e4 c5 2. Nf3 d6 3. d4 cxd4 4. Nxd4 Nf6 5. Nc3 a6 6. Be3 e6 7. f3 Nbd7 8. Qd2
Qc7 9. g4 Ne5 10. h4 Nc4 11. Bxc4 Qxc4 12. h5 h6 13. O-O-O b5 14. e5 Nd7 15.
exd6 b4 16. Ne4 a5 17. b3 Qa6 18. g5 hxg5 19. Nxg5 Qxd6 20. Qe2 Ba6 21. Qg2 Nf6
22. Nxf7 Kxf7 23. Qg6+ Kg8 24. h6 Qe7 25. Rdg1 Qf7 26. Qg3 Nd5 27. hxg7 Bxg7 28.
Bh6 Ra7 29. Qb8+ {Black resigns} 1-0

[Event "Team 45 45 League T25"]
[Site "Internet Chess Club"]
[Date "2004.12.11"]
[Round "1"]
[White "TheBrewer"]
[Black "BenjaminSisko"]
[Result "0-1"]
[WhiteElo "1593"]
[BlackElo "1628"]
[TimeControl "2700+45"]

1. d4 Nf6 2. Nf3 b6 3. e3 Bb7 4. Bd3 e6 5. Nbd2 d6 6. O-O Nbd7 7. c3 Be7 8. Re1
e5 9. e4 O-O 10. Qb3 a5 11. Qc2 Ba6 12. Bxa6 Rxa6 13. Nc4 b5 14. dxe5 bxc4 15.
exf6 Bxf6 16. Qa4 Nb6 17. Qb5 Ra8 18. Be3 Qd7 19. Qxd7 Nxd7 20. Nd2 Ne5 21. Bf4
Nd3 22. Be3 Nxe1 23. Rxe1 Rfe8 24. f3 d5 25. Kf2 dxe4 26. Nxe4 Rab8 27. Rb1 Be5
28. f4 Bxf4 29. Bxf4 Rxe4 30. Bxc7 Ra8 31. Rd1 Ree8 32. Rd5 Rec8 33. Bxa5 Rcb8
34. Bb4 Rxa2 35. Rc5 Rxb2+ 36. Kg3 h6 37. Rxc4 Re8 38. Rg4 Ree2 39. Kh3 f5 40.
Rg3 g5 41. Bd6 Kf7 42. c4 f4 43. Rg4 f3 44. gxf3 Ke6 45. c5 Kf5 46. Rd4 Rbc2 47.
f4 g4+ 48. Kh4 Rxh2+ 49. Kg3 Rh3# {White checkmated} 0-1

[Event "Team 45 45 League T25"]
[Site "Internet Chess Club"]
[Date "2004.12.12"]
[Round "1"]
[White "Smart"]
[Black "bmw2002"]
[Result "1-0"]
[WhiteElo "1588"]
[BlackElo "1533"]
[TimeControl "2700+45"]

1. Nf3 d5 2. g3 Nf6 3. Bg2 Bf5 4. O-O Nbd7 5. d3 e5 6. Nbd2 Bd6 7. Nh4 Be6 8. e4
O-O 9. h3 c6 10. Qf3 Nc5 11. b3 b5 12. Nf5 Bc7 13. Ba3 Bb6 14. Bb2 d4 15. g4 Qd7
16. Nh6+ Kh8 17. Rfe1 Ng8 18. Nf5 g6 19. Ng3 a5 20. Ndf1 Nb7 21. Bc1 Bd8 22. Nh2
c5 23. Ne2 c4 24. Qg3 cxd3 25. cxd3 Rc8 26. Qxe5+ Bf6 27. Qg3 Rc5 28. Nf3 Rfc8
29. e5 Bxe5 30. Nxe5 Qd6 31. Bf4 Qc7 32. Nxg6+ {Black resigns} 1-0

[Event "Team 45 45 League T25"]
[Site "Internet Chess Club"]
[Date "2004.12.14"]
[Round "1"]
[White "AlPearson"]
[Black "rabanito"]
[Result "0-1"]
[WhiteElo "1447"]
[BlackElo "1471"]
[TimeControl "2700+45"]

1. e4 e5 2. Nf3 Nc6 3. Bb5 a6 4. Bxc6 dxc6 5. O-O Bg4 6. h3 h5 7. d4 Bxf3 8.
Qxf3 Qxd4 9. Rd1 Qc4 10. Qf5 Bd6 11. Nc3 Ne7 12. Qg5 g6 13. Qf6 O-O-O 14. Be3
Rhf8 15. Rd3 Ng8 16. Qf3 f5 17. exf5 Rxf5 18. Qd1 Rdf8 19. b3 Qe6 20. Ne4 Be7
21. Bc5 Bxc5 22. Nxc5 Qf7 23. Rd7 Ne7 24. Ne4 Qe6 25. Qd2 Qxd7 {White resigns}
0-1

[Event "Team 45 45 League T25"]
[Site "Internet Chess Club"]
[Date "2004.12.12"]
[Round "1"]
[White "fledermaus"]
[Black "Poet-Laureate"]
[Result "1-0"]
[WhiteElo "2040"]
[BlackElo "1847"]
[TimeControl "2700+45"]

1. d4 c6 2. e4 d5 3. Nc3 dxe4 4. Nxe4 Bf5 5. Ng3 Bg6 6. h4 h6 7. Nf3 Nf6 8. Ne5
Bh7 9. Bc4 e6 10. Qe2 Qd6 11. Be3 Nbd7 12. Nxd7 Qxd7 13. O-O-O Bb4 14. Kb1 Qc7
15. Bd3 Bxd3 16. Rxd3 a5 17. Bc1 a4 18. Nf5 O-O 19. Nxh6+ gxh6 20. Bxh6 Rfd8 21.
Rg3+ Kh7 22. Bg5 Qe7 23. Rf3 Rd5 24. Bxf6 Qd7 25. Qe4+ Rf5 26. g4 Qd5 27. Qxd5
Rxd5 28. Be5 Rf8 29. g5 c5 30. c3 cxd4 31. cxd4 Be7 32. Rc1 Rd7 33. Rg1 b5 34.
h5 Kg8 35. a3 Rb7 36. Bf6 Kh7 37. g6+ fxg6 38. hxg6+ Kg8 39. Bxe7 Rxf3 40. Bd6
Rxf2 41. Be5 Rf5 42. Rc1 Rxe5 43. dxe5 Kg7 44. Rc6 Kxg6 45. Rxe6+ Kf5 46. Re8 b4
47. axb4 Rxb4 48. Ka2 Kg6 49. Rc8 Kf7 50. Rc3 Ke6 51. Re3 Rf4 52. Ka3 Rd4 53.
Ka2 Rf4 54. Kb1 Rf1+ 55. Kc2 Rf2+ 56. Kc3 Rf4 57. Kd3 Rb4 58. Re2 Rh4 59. Re4
Rh3+ 60. Kc2 Rh2+ 61. Kb1 Rh3 62. Ka2 Kd5 63. Rxa4 Kxe5 64. Rc4 Kd5 65. Rc8 Kd6
66. b3 Kd7 67. Rc1 Rh6 68. Ka3 Rd6 69. Ka4 Rc6 70. Rxc6 Kxc6 71. Ka5 Kb7 72. Kb5
Ka7 73. Kc6 Ka8 74. Kb6 Kb8 75. b4 Ka8 76. Ka6 Kb8 77. b5 Ka8 78. b6 Kb8 79. b7
Kc7 80. Ka7 Kc6 81. b8=Q {Black resigns} 1-0

[Event "Team 45 45 League T25"]
[Site "Internet Chess Club"]
[Date "2004.12.14"]
[Round "1"]
[White "GoIrish"]
[Black "viking99"]
[Result "0-1"]
[WhiteElo "1567"]
[BlackElo "1785"]
[TimeControl "2700+45"]

1. Nf3 d5 2. g3 Nf6 3. Bg2 Bg4 4. O-O e6 5. d3 Be7 6. h3 Bh5 7. Nbd2 Nbd7 8. e4
dxe4 9. dxe4 Nc5 10. Qe1 Bg6 11. Ne5 Qd4 12. Nxg6 hxg6 13. c3 Qd7 14. e5 Nd5 15.
Kh2 O-O-O 16. Ne4 c6 17. Nxc5 Bxc5 18. b4 Bb6 19. a4 Rh5 20. a5 Bc7 21. f4 f6
22. c4 Ne7 23. g4 Rh7 24. Bb2 f5 25. g5 Qd3 26. Qc3 Rhh8 27. Qxd3 Rxd3 28. Rad1
Rb3 29. Bd4 b6 30. axb6 axb6 31. Rb1 Rxb1 32. Rxb1 Rd8 33. Bg1 Rd2 34. Kh1 Rc2
35. Bf1 Rc3 36. Bd4 Rf3 37. Ra1 Kb7 38. b5 Rxf4 39. Bg1 Bxe5 40. Re1 Re4 41.
Rxe4 fxe4 42. Bg2 cxb5 43. Bxe4+ Ka6 44. cxb5+ Kxb5 45. Bd3+ Ka5 46. Bc4 Nd5 47.
Kg2 b5 48. Bd3 Nf4+ 49. Kf3 Nxh3 50. Ke4 Bd6 51. Be3 Be7 52. Ke5 Nxg5 53. Bxg6
Bf6+ 54. Kf4 e5+ 55. Kf5 Nf3 56. Ke4 Nd4 57. Bd2+ Ka4 58. Be1 Kb3 59. Bg3 Ne2
60. Bxe5 Nc3+ 61. Kf5 Bxe5 62. Kxe5 b4 63. Ke6 Ne2 64. Kf5 Kc3 65. Kg5 b3 66.
Bf5 Nd4 67. Bh7 Nc2 68. Bg8 b2 69. Ba2 Nb4 70. Bb1 Kd2 71. Kg6 Kc1 {White
resigns} 0-1

[Event "Team 45 45 League T25"]
[Site "Internet Chess Club"]
[Date "2004.12.12"]
[Round "1"]
[White "forku2"]
[Black "Whacker"]
[Result "1-0"]
[WhiteElo "1639"]
[BlackElo "1491"]
[TimeControl "2700+45"]

1. d4 Nf6 2. Nf3 g6 3. c3 Bg7 4. Bg5 h6 5. Bf4 O-O 6. Nbd2 d6 7. e4 g5 8. Bg3
Nh5 9. Bd3 Nxg3 10. hxg3 e5 11. dxe5 dxe5 12. Qc2 Bg4 13. Nc4 Nd7 14. O-O-O Qe7
15. Ne3 Be6 16. Nd5 Qc5 17. b4 Qd6 18. Bc4 Qe7 19. Nxe7+ {Black resigns} 1-0

[Event "Team 45 45 League T25"]
[Site "Internet Chess Club"]
[Date "2004.12.12"]
[Round "1"]
[White "billarvola"]
[Black "SnoopDoggyDogg"]
[Result "0-1"]
[WhiteElo "2022"]
[BlackElo "1914"]
[TimeControl "2700+45"]

1. e4 c5 2. Nf3 d6 3. Bb5+ Nd7 4. c3 Nf6 5. Qe2 e5 6. O-O Be7 7. d4 cxd4 8. cxd4
O-O 9. Rd1 Qc7 10. Nc3 a6 11. Bxd7 Bxd7 12. Bg5 exd4 13. Nxd4 Rfe8 14. Qd2 Rac8
15. Bxf6 Bxf6 16. Nd5 Qd8 17. Nxf6+ Qxf6 18. f3 Rc5 19. Ne2 Bb5 20. Nc3 Rd8 21.
Qd4 Qg5 22. f4 Qe7 23. e5 Rc4 24. Qd2 Bc6 25. b3 Rc5 26. Qd4 d5 27. Ne4 Rc2 28.
Qd3 Rb2 29. Qc3 Re2 30. Nf2 Qh4 31. g3 Qh5 32. Rd4 Rc8 33. Rc1 Rxa2 34. Qd3 Re8
35. Qd1 Qxd1+ 36. Rcxd1 f6 37. Nd3 Ra3 38. exf6 gxf6 39. Nc1 Kf7 40. Kf2 Re4 41.
R1d2 Ra1 42. Ne2 Rh1 43. Kg2 Rb1 44. Rxe4 dxe4 45. Kf2 Rxb3 {White forfeits on
time} 0-1

[Event "Team 45 45 League T25"]
[Site "Internet Chess Club"]
[Date "2004.12.11"]
[Round "1"]
[White "Chess2Play"]
[Black "nminwalla"]
[Result "1-0"]
[WhiteElo "1742"]
[BlackElo "1788"]
[TimeControl "2700+45"]

1. d4 Nf6 2. c4 e5 3. dxe5 Ng4 4. e4 Nxe5 5. f4 Nec6 6. Be3 Bb4+ 7. Nc3 Bxc3+ 8.
bxc3 Qe7 9. Bd3 Na6 10. Qh5 Qa3 11. Ne2 Nab4 12. Rd1 Nxa2 13. O-O Nxc3 14. Nxc3
Qxc3 15. Qc5 Qb4 16. Qg5 O-O 17. Bc5 Qa5 18. Ra1 Qc3 19. Bxf8 Kxf8 20. Rad1 d6
21. f5 h6 22. Qh4 Ne5 23. Qd8# {Black checkmated} 1-0

[Event "Team 45 45 League T25"]
[Site "Internet Chess Club"]
[Date "2004.12.13"]
[Round "1"]
[White "pork"]
[Black "Xidnan"]
[Result "0-1"]
[WhiteElo "1572"]
[BlackElo "1521"]
[TimeControl "2700+45"]

1. e4 c5 2. Nf3 Nc6 3. Bb5 g6 4. Bxc6 bxc6 5. d4 cxd4 6. Qxd4 Nf6 7. e5 Nh5 8.
e6 f6 9. exd7+ Qxd7 10. Nc3 Bg7 11. Qxd7+ Bxd7 12. h3 f5 13. Bd2 O-O 14. O-O-O
Rfd8 15. Rhe1 Bf6 16. Ne5 Be8 17. g4 fxg4 18. Nxg4 Bh4 19. Be3 Rxd1+ 20. Kxd1
Nf6 21. Bc5 Nxg4 22. hxg4 Bd7 23. Re4 Rd8 24. Ke2 a6 25. f3 Kf7 26. Ra4 Bc8 27.
Ne4 Rd5 28. Rd4 Bf6 29. Rxd5 cxd5 30. Nxf6 exf6 31. a4 h5 32. gxh5 gxh5 33. Bf2
Kg6 34. Bh4 Kf5 35. Ke3 Bb7 36. b4 d4+ 37. Kf2 Bc6 38. a5 Ba4 39. Bg3 Bxc2 40.
b5 axb5 41. a6 Bb3 42. a7 Bd5 43. Ke2 b4 44. f4 Kg4 45. Bf2 h4 46. Kd3 h3 47.
Bg1 Kg3 48. Kxd4 Ba8 49. Kc4 h2 {White resigns} 0-1

[Event "Team 45 45 League T25"]
[Site "Internet Chess Club"]
[Date "2004.12.13"]
[Round "1"]
[White "Colonel-Klutz"]
[Black "vvsi"]
[Result "0-1"]
[WhiteElo "1367"]
[BlackElo "1606"]
[TimeControl "2700+45"]

1. e4 c6 2. d4 d5 3. Nc3 dxe4 4. Nxe4 Nd7 5. c4 Ngf6 6. f3 e6 7. a3 Qc7 8. c5 b6
9. b4 Be7 10. Nh3 Nd5 11. Qb3 O-O 12. Bc4 h6 13. g3 N7f6 14. Bf4 Nxf4 15. Nxf4
e5 16. Ne2 Nxe4 17. fxe4 exd4 18. Nxd4 Qe5 19. Bxf7+ Rxf7 20. O-O-O Bg5+ 21. Kb1
Qxe4+ 22. Ka2 Qd5 23. Nxc6 Rf2+ 24. Ka1 Bf6+ 25. Nd4 Qxb3 {White resigns} 0-1